 Dungeon Crawl Stone Soup version 0.29-a0-998-g1987434951 (webtiles) character file.

Game seed: 16878773497536347806

2601 drpainis the Covert (level 9, -1/60 HPs)
             Began as an Octopode Brigand on Aug 6, 2022.
             Was an Initiate of Dithmenos.
             Slain by a killer bee (7 damage)
             ... on level 8 of the Dungeon.
             The game lasted 00:14:53 (10348 turns).

drpainis the Covert (Octopode Brigand)             Turns: 10348, Time: 00:14:53

Health: -1/60      AC:  1    Str: 15    XL:     9   Next: 59%
Magic:  9/9        EV: 14    Int: 19    God:    Dithmenos [......]
Gold:   489        SH:  0    Dex: 15    Spells: 6/8 levels left

rFire   x . .      SeeInvis .   d - +11 long sword of the Head {vamp, rC+ Str+2 Stlth+}
rCold   + + .      Faith    +   (no shield)
rNeg    . . .      Spirit   .   (helmet restricted)
rPois   .          Reflect  .   i - amulet of faith
rElec   .          Harm     .   o - +6 ring of intelligence
rCorr   .          Rampage  .   x - ring of ice
Will    .....                   (no ring)
Stlth   +++++++...              (no ring)
HPRegen 0.20/turn               (no ring)
MPRegen 0.11/turn               (no ring)
                                (no ring)
                                (no ring)

@: lethally poisoned (-1 -> -4)
A: almost no armour, amphibious, 8 rings, camouflage 1, gelatinous body 1,
nimble swimmer 1, tentacles
a: Renounce Religion


You were on level 8 of the Dungeon.
You worshipped Dithmenos.
Dithmenos was noncommittal.
You visited 2 branches of the dungeon, and saw 9 of its levels.

You collected 489 gold pieces.

Inventory:

Hand Weapons
 a - a +2 dagger
 d - the +11 long sword of the Head (weapon) {vamp, rC+ Str+2 Stlth+}
   (You found it on level 2 of the Dungeon)

   It occasionally heals its wielder for a portion of the damage dealt when it
   wounds a living foe.
   Str:       It affects your strength (+2).
   rC:        It protects you from cold.
   Stlth:     It makes you more stealthy.
Missiles
 b - 21 poisoned darts (quivered)
 t - a throwing net
Jewellery
 i - an amulet of faith (around mantle)
 o - a +6 ring of intelligence (left tentacle)
 x - a ring of ice (right tentacle)
Wands
 u - a wand of polymorph (8)
 v - a wand of charming (5)
Scrolls
 c - a scroll of immolation
 f - a scroll of brand weapon {unknown}
 l - 2 scrolls of silence
 n - 3 scrolls of teleportation
 r - a scroll of enchant weapon
 s - a scroll of amnesia
 y - a scroll of acquirement {unknown}
 z - a scroll of vulnerability {unknown}
 B - a scroll of magic mapping
Potions
 e - a potion of curing
 g - a potion of flight {unknown}
 h - a potion of might {unknown}
 j - 2 potions of lignification
 k - 3 potions of brilliance
 m - 2 potions of degeneration {unknown}
 p - a potion of attraction {unknown}
 q - a potion of ambrosia {unknown}
 w - a potion of heal wounds {unknown}


   Skills:
 + Level 4.9 Fighting
 + Level 2.1(5.3) Short Blades
 + Level 7.6(7.8) Long Blades
 + Level 6.3 Throwing
 + Level 3.3 Dodging
 + Level 9.8 Stealth


You had 6 spell levels left.
You knew the following spells:

 Your Spells              Type           Power      Damage    Failure   Level
a - Passwall              Tmut/Erth      0%         N/A       30%         2

Your spell library contained the following spells:

 Spells                   Type           Power      Damage    Failure   Level
 Shock                    Conj/Air       0%         1d3       21%         1
 Ensorcelled Hibernation  Hex/Ice        0%         N/A       30%         2
 Spider Form              Tmut/Pois      0%         N/A       52%         3
 Stone Arrow              Conj/Erth      0%         3d7       52%         3
 Swiftness                Air            0%         N/A       52%         3
 Airstrike                Air            0%         2d(0-16)  90%         4
 Anguish                  Hex/Necr       0%         N/A       90%         4
 Summon Forest            Summ/Tloc      0%         N/A       99%         5
 Summon Mana Viper        Hex/Summ       0%         N/A       99%         5
 Eringya's Noxious Bog    Tmut/Pois      0%         N/A       100%        6
 Summon Cactus Giant      Summ           0%         N/A       100%        6
 Enfeeble                 Hex            0%         N/A       100%        7
 Summon Hydra             Summ           0%         N/A       100%        7
 Lehudib's Crystal Spear  Conj/Erth      0%         10d2      100%        8
 Animate Armour           Summ/Erth      Unusable   N/A       N/A         4

Dungeon Overview and Level Annotations

Branches:
Dungeon (8/15)             Temple (1/1) D:7
   Lair: D:8-11

Altars:
Ashenzari
Cheibriados
Dithmenos
Elyvilon
Fedhas
Gozag
Hepliaklqana
Kikubaaqudgha
Nemelex Xobeh
Okawaru
Ru
Sif Muna
Uskayaw
Wu Jian
Xom
Yredelemnul
The Shining One

Shops:
D:1 (![   D:6 [

Annotations:
D:6 3 runed translucent doors, SkeletonJelly's ghost, novice TrMo
D:8 Pikel


Innate Abilities, Weirdness & Mutations

You cannot wear most types of armour.
You are amphibious.
You can wear up to eight rings at the same time.
Your skin changes colour to match your surroundings (Stealth+).
Your rubbery body absorbs attacks. (AC +1, EV +1)
You are camouflaged when in or above water. (Stealth+)
You have tentacles for arms and can constrict up to eight enemies at once.


Message History

You kill the killer bee!
Dithmenos accepts your kill. The killer bee stings you.
You are poisoned.
The killer bee poisons you! The killer bee stings you!
You slash the killer bee!
You feel better.
Your grab misses the killer bee. Your squeeze misses the killer bee.
The killer bee is heavily wounded.
You feel sick. The killer bee closely misses you. The killer bee misses you.
The killer bee barely misses you. The killer bee stings you.
You hit the killer bee. Your grab misses the killer bee.
The killer bee is heavily wounded.
You feel sick. The killer bee stings you. The killer bee stings you!
You are more poisoned.
The killer bee poisons you! The killer bee misses you.
The killer bee closely misses you.
The killer bee stings you but does no damage.
You feel better.
The killer bee misses you. x2; The killer bee stings you.
You are poisoned.
The killer bee poisons you! The killer bee closely misses you.
The killer bee stings you. The killer bee stings you!
Unknown command.
You feel better. The killer bee closely misses you. The killer bee stings you.
You are poisoned.
The killer bee poisons you! The killer bee stings you.
The killer bee stings you!
* * * LOW HITPOINT WARNING * * *
The killer bee closely misses you. x2
Unknown command.
You feel better. The killer bee closely misses you. The killer bee stings you.
* * * LOW HITPOINT WARNING * * *
The killer bee misses you. The killer bee closely misses you.
The killer bee stings you.
* * * LOW HITPOINT WARNING * * *
You are poisoned.
The killer bee poisons you! The killer bee stings you.
* * * LOW HITPOINT WARNING * * *
It was a potion of magic.
Magic courses through your body.
You feel sick. The killer bee barely misses you. The killer bee stings you!
You die...

#.#.##.#..## #.#.##y#...#
#..........#
###.##.##..###############
#....##................#
.#####.##.##..>####.######.##
.......##.##.#..÷...### #.#
.#####....##.≈≈yyy≈≈≈≈# #.#
####.##.≈##@≈≈##≈# #.#
#.##.≈#######≈# #.#
#.##.≈≈#.[.#≈≈####.#
#.##.≈≈#...#≈≈.....#
#....≈≈#.))#≈≈######
####.≈###)###≈# #.≈##≈.≈##≈#
############.≈≈≈≈.≈≈≈≈#
.............#.#..#####


You could see 3 killer bees.

Vanquished Creatures
  Grinder (D:5)
  3 ice beasts
  An orc warrior (D:8)
  A sky beast (D:6)
  A black bear (D:8)
  2 ogres (D:4)
  A phantom (D:5)
  A kobold brigand (D:6)
  2 scorpions
  4 bullfrogs
  A gnoll sergeant (D:7)
  4 wights (D:8)
  3 killer bees (D:8)
  4 orc priests
  2 hounds
  5 iguanas
  A jelly (D:7)
  2 gnoll boudas
  6 orc wizards
  7 gnolls
  5 adders (D:5)
  2 shadow imps
  3 white imps
  A worm (D:3)
  A dart slug (D:1)
  14 orcs
  4 ball pythons
  5 bats
  9 endoplasms
  3 giant cockroaches
  8 goblins
  9 hobgoblins
  3 jackals (D:1)
  3 quokkas
  A frilled lizard (D:3)
  12 kobolds
  10 rats
145 creatures vanquished.

Vanquished Creatures (others)
  44 fungi (D:8)
  54 plants
98 creatures vanquished.

Grand Total: 243 creatures vanquished

Notes
Turn   | Place    | Note
-------+----------+-------------------------------------------
     0 | D:1      | drpainis the Octopode Brigand began the quest for the Orb.
     0 | D:1      | Reached XP level 1. HP: 14/14 MP: 1/1
    67 | D:1      | Found Acwac's Armour Boutique.
   288 | D:1      | You fall into a shaft and drop 1 floor!
   456 | D:2      | Identified the +11 long sword of the Head {vamp, rC+ Str+2
                  | Stlth+}
   479 | D:2      | Reached XP level 2. HP: 16/19 MP: 2/2
   698 | D:2      | Reached skill level 6 in Stealth
  1356 | D:1      | Reached XP level 3. HP: 20/24 MP: 3/3
  1581 | D:1      | Found Quinics's Weapon Shoppe.
  1720 | D:1      | Found a faded altar of an unknown god.
  1935 | D:1      | Found Toodeofe's Distillery.
  2654 | D:3      | Reached skill level 1 in Long Blades
  2654 | D:3      | Reached XP level 4. HP: 29/29 MP: 4/4
  2696 | D:3      | Identified the +1 robe "Geanacw" {rN+ Stlth+}
  3017 | D:4      | Reached skill level 7 in Stealth
  3031 | D:4      | Found a sacrificial altar of Ru.
  3737 | D:4      | Reached XP level 5. HP: 11/35 MP: 5/5
  4611 | D:4      | Noticed an ogre
  4613 | D:4      | Noticed an ogre
  4616 | D:4      | Killed an ogre
  4617 | D:4      | Reached XP level 6. HP: 41/41 MP: 6/6
  5126 | D:5      | Entered Level 5 of the Dungeon
  5143 | D:5      | Reached XP level 7. HP: 43/45 MP: 7/7
  5168 | D:5      | Noticed Grinder
  5179 | D:5      | Killed Grinder
  5432 | D:5      | Reached skill level 5 in Throwing
  5637 | D:5      | Found a blossoming altar of Fedhas.
  5904 | D:5      | Reached XP level 8. HP: 45/52 MP: 8/8
  6380 | D:5      | Reached skill level 8 in Stealth
  6388 | D:5      | Reached skill level 5 in Long Blades
  7026 | D:6      | Learned a level 2 spell: Passwall
  7145 | D:6      | Found a runed translucent gate.
  7145 | D:6      | Found a runed translucent gate.
  7145 | D:6      | Noticed a spectral unseen horror
  7146 | D:6      | Found a runed translucent gate.
  7151 | D:6      | Noticed SkeletonJelly's ghost (novice TrMo)
  7354 | D:6      | Found Kisaeng's Antique Armour Emporium.
  8158 | D:7      | Found an ancient bone altar of Kikubaaqudgha.
  8338 | D:7      | Found a staircase to the Ecumenical Temple.
  8369 | D:7      | Reached XP level 9. HP: 42/58 MP: 9/9
  8578 | Temple   | Entered the Ecumenical Temple
  8812 | Temple   | Became a worshipper of Dithmenos the Shadowed
  8875 | D:7      | Found a broken altar of Ashenzari.
  9182 | D:7      | Reached skill level 9 in Stealth
  9661 | D:8      | Noticed Pikel
  9661 | D:8      | Noticed a two-headed ogre
 10348 | D:8      | Slain by a killer bee

Illustrated notes

Levels and vault maps discovered:
D:1:      roderic_crop_circles_arrival_small, layout_loops_ring,
          dreamdust_ecumenical_altar_hidden_monk_grotto, serial_shops,
          shop_statue, nicolae_shop_trees, shop_fountains, lemuel_old_faithful
D:2:      layout_loops_ring
D:3:      layout_basic
D:4:      layout_rooms, nicolae_ru_awakened_eye
D:5:      layout_basic, mainiacjoe_overflow_boulevard, minmay_misc_feat_alley,
          kennysheep_generic_room_9, uniq_grinder
D:6:      layout_loops_cross, gammafunk_ghost_necromancy, serial_shops, shop,
          kennysheep_dice
D:7:      layout_basic, amcnicky_altar_gilded, overflow_temple_1_default,
          minmay_temple_entry_proselytizer
D:8:      layout_basic, due_lair_maze_entry_diamond, lightli_minifort,
          uniq_pikel
Temple:   oiseaux_autumnal_temple

Skill      XL: |  1  2  3  4  5  6  7  8  9 |
---------------+----------------------------+-----
Stealth        | 6 7 8 9 |  9.8
Long Blades    | 1 2 3 4 6 7 |  7.6
Throwing       | 3 4 5 6 |  6.3
Fighting       | 3 4 |  4.9
Dodging        | 2 3 |  3.3
Short Blades   | |  2.1

Action                   |  1- 3 |  4- 6 |  7- 9 || total
-------------------------+-------+-------+-------++-------
Melee: Dagger            |    17 |       |       ||    17
       Constrict         |    10 |     6 |    24 ||    40
       Tentacles         |     6 |     5 |    19 ||    30
       Long sword        |    44 |    36 |   142 ||   222
       Punch             |       |       |     2 ||     2
Throw: Dart              |    25 |    46 |    49 ||   120
  Use: Scroll            |       |     5 |     4 ||     9
       Potion            |       |       |     4 ||     4
 Stab: Sleeping          |    16 |     3 |    13 ||    32
Armor: Skin              |     2 |     1 |     7 ||    10
Dodge: Dodged            |    20 |    21 |   112 ||   153

Table legend: (Time is in decaauts)
 A = Elapsed time spent in this place.
 B = Non-inter-level travel time spent in this place.
 C = Inter-level travel time spent in this place.
 D = Time resting spent in this place.
 E = Time spent auto-exploring this place.
 F = Levels seen in this place.
 G = Mean time per level.
                   A        B        C        D        E       F      G
               +--------+--------+--------+--------+--------+-----+--------+
         Total |  10363 |  10231 |    132 |   3087 |   5142 |   9 | 1151.4 |
       Dungeon |  10090 |   9974 |    116 |   3087 |   4949 |   8 | 1261.2 |
        Temple |    273 |    257 |     16 |      0 |    193 |   1 |  273.0 |
               +--------+--------+--------+--------+--------+-----+--------+

Top non-repeatable levels by time:
     D:3: 1988 daAuts
     D:5: 1893 daAuts
     D:1: 1300 daAuts
     D:6: 1144 daAuts
     D:7: 1058 daAuts
     D:2: 950 daAuts
     D:4: 902 daAuts
     D:8: 851 daAuts
  Temple: 273 daAuts
